 Dungeon Crawl Stone Soup version 0.26.1-2-gb8aa6d0cf2 (webtiles) character file.

Game seed: 11493957273178837888

7392 skwiii the Stinger (level 10, -4/109 (115) HPs)
             Began as a Demonspawn Venom Mage on Feb 23, 2021.
             Was a Priest of Vehumet.
             Slain by a wraith (7 damage)
             ... led by Josephine
             ... on level 10 of the Dungeon.
             The game lasted 00:52:15 (19490 turns).

skwiii the Stinger (Demonspawn Venom Mage)         Turns: 19490, Time: 00:52:16

HP:   -4/109 (115)  AC:  8    Str:  8    XL:     10   Next: 92%
MP:   17/20         EV: 14    Int: 23    God:    Vehumet [***...]
Gold: 560           SH:  5    Dex: 16    Spells: 4/22 levels left

rFire    + + .     SeeInvis .   s - +1 short sword (elec)
rCold    . . .     Faith    .   (no shield)
rNeg     + . .     Spirit   .   L - +2 robe of Parts Unknown {+Fly rCorr Int+3 Dex+2}
rPois    .         Reflect  +   (no helmet)
rElec    .         Harm     .   (no cloak)
rCorr    +         Rampage  .   (no gloves)
Will     .....                  m - +0 pair of boots
Stlth    ..........             w - amulet of reflection
HPRegen  0.28/turn              d - ring of protection from fire
MPRegen  0.17/turn              v - ring of positive energy

@: berserking, hasted and slowed, drained
A: claws 1, icy blue scales 2, fire resistance 1, spiny 1, flame cloud immunity
a: Renounce Religion, Evoke Flight


You were on level 10 of the Dungeon.
You worshipped Vehumet.
Vehumet was most pleased with you.
You visited 1 branch of the dungeon, and saw 10 of its levels.

You collected 560 gold pieces.

Inventory:

Hand Weapons
 s - a +1 short sword of electrocution (weapon)
 E - a +2 dagger of venom
 F - a +2 whip of freezing
 O - the +9 hand crossbow "Kegoq" {freeze, rC+ rN+++ Dex-4, unknown}
   (You found it on level 6 of the Dungeon)

   It causes projectiles fired from it to freeze those they strike, causing
   extra injury to most foes and up to half again as much damage against
   particularly susceptible opponents.
   They can also slow down cold-blooded creatures.
   It affects your dexterity (-4).
   It protects you from cold.
   It renders you almost immune to negative energy.
 Z - a +1 flail of draining
Armour
 e - a +0 scale mail of fire resistance
 h - a +0 robe
 m - a +0 pair of boots (worn)
 p - a +0 ring mail
 x - +0 acid dragon scales
 G - a +2 robe of positive energy
 H - a +0 ring mail
 L - the +2 robe of Parts Unknown (worn) {+Fly rCorr Int+3 Dex+2}
   (You found it on level 5 of the Dungeon)

   It affects your intelligence (+3).
   It affects your dexterity (+2).
   It lets you fly.
   It provides partial protection from all sources of acid and corrosion.
Magical Staves
 Q - an uncursed staff of death
 T - a cursed staff of fire {unknown}
Jewellery
 d - a ring of protection from fire (left claw)
 v - a ring of positive energy (right claw)
 w - an amulet of reflection (around neck)
 D - an uncursed ring of stealth
Wands
 u - a wand of flame (28)
 z - a wand of enslavement (15)
 A - a wand of iceblast (21)
 I - a wand of polymorph (11)
 J - a wand of acid (17)
Scrolls
 c - a scroll of random uselessness {unknown}
 f - 7 scrolls of remove curse
 g - 2 scrolls of enchant armour
 j - 3 scrolls of amnesia
 n - a scroll of immolation
 C - 3 scrolls of magic mapping
 R - 4 scrolls of identify
 S - a scroll of fog {unknown}
 V - a scroll of noise
Potions
 a - a potion of might {unknown}
 i - a potion of invisibility {unknown}
 l - a potion of mutation
 o - a potion of cancellation {unknown}
 r - 2 potions of brilliance
 t - a potion of curing
 B - 2 potions of flight
 K - 4 potions of haste
 M - 2 potions of attraction
 P - a potion of degeneration {unknown}
 U - a potion of resistance {unknown}
Miscellaneous
 Y - a phial of floods


   Skills:
 * Level 6.9 Fighting
 * Level 3.7 Armour
 * Level 4.2 Dodging
 - Level 1.7 Stealth
 + Level 6.6 Spellcasting
 + Level 5.2 Conjurations
 - Level 4.5 Transmutations
 + Level 4.8 Fire Magic
 - Level 4.2 Air Magic
 - Level 7.0 Poison Magic


You had 4 spell levels left.
You knew the following spells:

 Your Spells              Type           Power        Failure   Level
a - Sting                 Tmut/Pois      100%         1%          1
b - Poisonous Vapours     Pois/Air       66%          1%          2
c - Ignite Poison         Fire/Tmut/Pois 32%          1%          3
d - Mephitic Cloud        Conj/Pois/Air  33%          1%          3
e - Olgreb's Toxic Radia  Pois           39%          1%          4
f - Searing Ray           Conj           62%          1%          2
g - Shock                 Conj/Air       100%         1%          1
h - Swiftness             Air            27%          1%          2

Your spell library contained the following spells:

 Spells                   Type           Power        Failure   Level
 Fulminant Prism          Conj/Hex       9%           7%          4
 Static Discharge         Conj/Air       29%          1%          3
 Dazzling Flash           Conj/Hex       38%          2%          3
 Airstrike                Air            13%          4%          4
 Corona                   Hex            7%           8%          1
 Ensorcelled Hibernation  Hex/Ice        14%          12%         2
 Confusing Touch          Hex            7%           24%         3
 Tukima's Dance           Hex            7%           24%         3
 Lightning Bolt           Conj/Air       14%          9%          5


Dungeon Overview and Level Annotations

Branches:
Dungeon (10/15)            Temple (0/1) D:5            Lair (0/6) D:10
    Orc: D:9-12

Altars:
Gozag
Hepliaklqana
Kikubaaqudgha
Makhleb
Sif Muna
Uskayaw
Vehumet
Lugonu

Shops:
D:6 [

Portals:
Abyss: D:7

Annotations:
D:5 3 runed translucent doors, thiole's ghost, novice OpVM
D:10 Josephine


Innate Abilities, Weirdness & Mutations

You have sharp fingernails.
You are mostly covered in icy blue scales. (AC +3)
Your flesh is heat resistant. (rF+)
You are partially covered in sharp spines.
You are immune to clouds of flame.


Message History

You block the wraith's attack. The wraith hits you but does no damage.
Unknown command.
You hit the wraith but do no damage.
The wraith is moderately damaged.
The wraith hits you but does no damage.
You hit the wraith but do no damage.
The wraith is moderately damaged.
You feel less wooden.
Your +0 pair of boots unmelds from your body.
The +2 robe of Parts Unknown {+Fly rCorr Int+3 Dex+2} unmelds from your body.
The wraith hits you.
* * * LOW HITPOINT WARNING * * *
The wraith drains your vigour!
You feel as though you will be slow longer.
Okay, then.
Okay, then.
A red film seems to cover your vision as you go berserk!
You feel yourself moving faster!
You feel mighty! The wraith is struck by your spines. The wraith hits you!
You die...

#.#..............##.#..#........
#.##..#...........#.............
#.....#.........#....W..........
...............##...............#
...............###.##..........##
................##.##.......# #
.................#.##...<...# #
...............W...###......>..#
#...............@..###....#......
##.....##..........#.#....#......
......##.........................
##..................##.#....#....
#.................######.#####...
...................# #..#####...
.......W...........# #........>.
......#..##.##.#...## ##.#.......
..#.........##.#.#..######...#...


You could see a wraith.

Vanquished Creatures
  2 two-headed ogres
  Pikel (D:4)
  Prince Ribbit (D:9)
  A wyvern (D:7)
  4 wraiths (D:10)
  A steam dragon (D:10)
  A water moccasin (D:10)
  7 orc warriors
  A black bear (D:10)
  A necrophage (D:5)
  An ice beast (D:10)
  3 sky beasts
  A phantom (D:6)
  3 ogres
  3 centaurs
  5 bullfrogs
  A wyvern zombie (D:7)
  A scorpion (D:9)
  2 howler monkeys (D:7)
  5 wights (D:10)
  2 bullfrog zombies (D:5)
  8 hounds
  4 jellies
  5 bullfrog skeletons
  8 orc priests
  A centaur skeleton (D:3)
  A gnoll shaman (D:4)
  Natasha (thrice) (D:3)
  5 iguanas
  12 orc wizards
  9 worker ants
  A hound zombie (D:8)
  A worker ant zombie (D:8)
  7 gnolls
  12 adders
  4 shadow imps
  An ufetubus (D:6)
  3 adder skeletons
  An adder zombie (D:4)
  2 worms (D:3)
  7 leopard geckos
  49 orcs
  5 ball pythons
  6 bats
  6 giant cockroaches
  6 goblins
  4 hobgoblins
  11 jackals
  4 quokkas
  5 frilled lizards
  9 kobolds
  11 rats
  2 lurking horrors (D:7)
260 creatures vanquished.

Notes
Turn   | Place    | Note
-------+----------+-------------------------------------------
     0 | D:1      | skwiii the Demonspawn Venom Mage began the quest for the
                  | Orb.
     0 | D:1      | Reached XP level 1. HP: 13/13 MP: 3/3
   164 | D:1      | Reached skill level 1 in Transmutations
   407 | D:1      | Gained mutation: Your flesh is heat resistant. (rF+)
                  | [demonic ancestry]
   407 | D:1      | Reached XP level 2. HP: 17/19 MP: 0/5
  1059 | D:1      | Learned a level 2 spell: Poisonous Vapours
  2052 | D:1      | Gained mutation: You are partially covered in sharp spines.
                  | [demonic ancestry]
  2052 | D:1      | Reached XP level 3. HP: 24/24 MP: 0/6
  3174 | D:2      | Reached skill level 1 in Air Magic
  3619 | D:3      | Found an opulent altar of Gozag.
  3624 | D:2      | Gained mutation: You are immune to clouds of flame.
                  | [demonic ancestry]
  3624 | D:2      | Reached XP level 4. HP: 8/30 MP: 3/8
  4334 | D:3      | Noticed Natasha
  4342 | D:3      | Killed Natasha
  4343 | D:3      | Gained mutation: You have sharp fingernails. [demonic
                  | ancestry]
  4343 | D:3      | Reached XP level 5. HP: 34/35 MP: 0/9
  4384 | D:3      | Noticed Natasha
  4386 | D:3      | Killed Natasha
  4387 | D:3      | Reached skill level 4 in Poison Magic
  4715 | D:3      | Noticed Natasha
  4720 | D:3      | Killed Natasha
  5855 | D:3      | Learned a level 3 spell: Ignite Poison
  5859 | D:3      | Learned a level 3 spell: Mephitic Cloud
  6162 | D:3      | Found a burning altar of Makhleb.
  6162 | D:3      | Found an ancient bone altar of Kikubaaqudgha.
  6305 | D:3      | Found a hide-covered altar of Uskayaw.
  6352 | D:3      | Found a hazy altar of Hepliaklqana.
  6354 | D:3      | Found a radiant altar of Vehumet.
  6358 | D:3      | Became a worshipper of Vehumet
  6399 | D:4      | Gained mutation: You are partially covered in icy blue
                  | scales. (AC +2) [demonic ancestry]
  6399 | D:4      | Reached XP level 6. HP: 41/41 MP: 8/11
  6814 | D:4      | Gained mutation: You are mostly covered in icy blue scales.
                  | (AC +3) [demonic ancestry]
  6814 | D:4      | Reached XP level 7. HP: 42/46 MP: 0/12
  6969 | D:4      | Noticed Pikel
  6983 | D:4      | Killed Pikel
  6984 | D:4      | Reached skill level 5 in Poison Magic
  6986 | D:4      | Reached XP level 8. HP: 18/52 MP: 4/14
  8150 | D:5      | Entered Level 5 of the Dungeon
  8477 | D:5      | Reached skill level 5 in Spellcasting
  8681 | D:5      | Found a staircase to the Ecumenical Temple.
  8881 | D:5      | Reached skill level 1 in Fighting
  8881 | D:5      | Reached skill level 1 in Conjurations
  8881 | D:5      | Reached skill level 1 in Fire Magic
  9115 | D:5      | Found a shimmering blue altar of Sif Muna.
  9123 | D:5      | Got an ancient robe
  9134 | D:5      | Identified the +2 robe of Parts Unknown {+Fly rCorr Int+3
                  | Dex+2} (You found it on level 5 of the Dungeon)
  9151 | D:5      | Reached skill level 6 in Poison Magic
  9782 | D:5      | Found a runed translucent gate.
  9782 | D:5      | Found a runed translucent gate.
  9782 | D:5      | Found a runed translucent gate.
  9785 | D:5      | Noticed thiole's ghost (novice OpVM)
  9870 | D:5      | Reached * piety under Vehumet
  9870 | D:5      | Offered knowledge of Sandblast by Vehumet.
  9876 | D:5      | Learned a level 4 spell: Olgreb's Toxic Radiance
 10442 | D:6      | Reached XP level 9. HP: 48/62 MP: 7/17
 11261 | D:6      | Got a transparent hand crossbow
 12316 | D:6      | Found Fipsiamm's Antique Armour Emporium.
 12412 | D:7      | You fall into a shaft and drop 2 floors!
 12495 | D:8      | Offered knowledge of Searing Ray by Vehumet.
 12545 | D:8      | Reached ** piety under Vehumet
 14200 | D:7      | Reached skill level 5 in Fighting
 14204 | D:7      | Learned a level 2 spell: Searing Ray
 14206 | D:7      | Learned a level 1 spell: Shock
 14236 | D:7      | Found a corrupted altar of Lugonu.
 15159 | D:7      | Found a one-way gate to the infinite horrors of the Abyss.
 15637 | D:8      | Reached skill level 7 in Poison Magic
 16453 | D:9      | Offered knowledge of Inner Flame by Vehumet.
 16459 | D:9      | Learned a level 2 spell: Swiftness
 16488 | D:9      | Noticed Prince Ribbit
 16498 | D:9      | Killed Prince Ribbit
 16499 | D:9      | Reached skill level 1 in Armour
 16499 | D:9      | Reached XP level 10. HP: 45/74 MP: 17/19
 17015 | D:9      | Reached *** piety under Vehumet
 18126 | D:10     | Entered Level 10 of the Dungeon
 18126 | D:10     | Noticed a two-headed ogre
 18148 | D:9      | Killed a two-headed ogre
 18377 | D:10     | Found a staircase to the Lair.
 18548 | D:10     | Offered knowledge of Fulminant Prism by Vehumet.
 18903 | D:10     | Noticed Josephine
 18913 | D:10     | Reached skill level 5 in Conjurations
 19200 | D:10     | Noticed a two-headed ogre
 19224 | D:10     | Killed a two-headed ogre
 19489 | D:10     | HP: 2/73 [wraith[Josephine] (4)]
 19490 | D:10     | Slain by a wraith

Illustrated notes

Levels and vault maps discovered:
D:1:      saegor_arrival_simple_b, layout_loops_ring
D:2:      layout_basic
D:3:      layout_loops_ring, chequers_temple_overflow_minitemple,
          nicolae_gozag_seed_capital, uniq_natasha
D:4:      layout_rooms, kennysheep_opposing_triangles, uniq_pikel
D:5:      layout_loops_ring, led_sif_book, minmay_temple_entry_trees,
          gammafunk_ghost_necromancy
D:6:      layout_loops_ring, serial_shops, kennysheep_mini_moat
D:7:      layout_gridville, amcnicky_altar_lugonu_corruption
D:8:      layout_basic
D:9:      minmay_skewed_foursquare, layout_irregular_city, uniq_prince_ribbit1
D:10:     layout_cave_pools, lair_entry_dummy, uniq_josephine

Skill      XL: |  1  2  3  4  5  6  7  8  9 10 |
---------------+-------------------------------+-----
Transmutations | 1 2 3 4 |  4.5
Air Magic      | 1 2 3 4 |  4.2
Spellcasting   | 3 4 5 6 |  6.6
Poison Magic   | 4 5 6 7 |  7.0
Fighting       | 2 5 6 |  6.9
Conjurations   | 2 4 5 |  5.2
Fire Magic     | 2 4 |  4.8
Dodging        | 2 4 |  4.2
Armour         | 1 3 |  3.7
Stealth        | |  1.7

Action                   |  1- 3 |  4- 6 |  7- 9 | 10-12 || total
-------------------------+-------+-------+-------+-------++-------
Melee: Short sword       |       |    10 |    93 |    41 ||   144
 Cast: Sting             |    29 |    35 |    60 |    15 ||   139
       Poisonous Vapours |    26 |    46 |   178 |    61 ||   311
       Shock             |       |       |     5 |    33 ||    38
       Searing Ray       |       |       |     1 |     4 ||     5
       Swiftness         |       |       |       |     1 ||     1
       Ignite Poison     |       |       |       |     1 ||     1
  Use: Scroll            |     1 |     1 |    17 |     4 ||    23
       Potion            |     1 |     1 |     4 |     4 ||    10
 Stab: Sleeping          |       |     1 |       |       ||     1
Armor: Robe              |    11 |     9 |    48 |    14 ||    82
       Skin              |       |       |       |    24 ||    24
Dodge: Dodged            |    42 |    36 |   101 |    59 ||   238
Block: Other             |       |       |       |    12 ||    12
